 Dungeon Crawl Stone Soup version 0.25.0-9-g26727b657a (webtiles) character file.

Game seed: 13312341461218577616

331 Lynxxx the Chopper (level 6, 0/55 HPs)
             Began as a Hill Orc Fighter on June 19, 2020.
             Killed from afar by an orc wizard (6 damage)
             ... with a magic dart
             ... on level 3 of the Dungeon.
             The game lasted 00:07:39 (2749 turns).

Lynxxx the Chopper (Hill Orc Fighter)               Turns: 2749, Time: 00:07:40

Health: 0/55       AC:  7    Str: 21    XL:     6   Next: 52%
Magic:  6/6        EV:  8    Int:  8    God:
Gold:   121        SH:  9    Dex: 10    Spells: 5/5 levels left

rFire    . . .     SeeInvis .   a - +0 war axe
rCold    . . .     Gourm    .   c - +0 kite shield
rNeg     . . .     Faith    .   b - +0 scale mail
rPois    .         Spirit   .   (no helmet)
rElec    .         Reflect  .   (no cloak)
rCorr    .         Harm     .   (no gloves)
MR       .....                  (no boots)
Stlth    ..........             (no amulet)
HPRegen  0.18/turn              (no ring)
MPRegen  0.10/turn              (no ring)

@: no status effects
A: no striking features
a: no special abilities


You were on level 3 of the Dungeon.
You were hungry.

You visited 1 branch of the dungeon, and saw 3 of its levels.

You collected 121 gold pieces.

Inventory:

Hand Weapons
 a - a +0 war axe (weapon)
 q - a +1 trident of venom
Missiles
 h - 19 poisoned darts (quivered)
 i - 38 arrows
 j - 11 sling bullets
Armour
 b - a +0 scale mail (worn)
 c - a +0 kite shield (worn)
 t - a +0 animal skin
 u - a +0 helmet
Jewellery
 e - a +4 ring of slaying {unknown}
 l - a +6 ring of strength {unknown}
 n - an uncursed ring of poison resistance {unknown}
Scrolls
 k - 2 scrolls of identify {unknown}
 m - a scroll of blinking {unknown}
 o - a scroll of amnesia {unknown}
 r - 2 scrolls of remove curse {unknown}
 v - a scroll of fog {unknown}
 w - a scroll of teleportation {unknown}
Potions
 d - a potion of might
 g - 2 potions of magic {unknown}
 p - a potion of flight {unknown}
 s - a potion of lignification {unknown}
Comestibles
 f - 5 rations
 x - a chunk of flesh


   Skills:
 + Level 4.8 Fighting
 + Level 5.7 Axes
 + Level 0.2 Throwing
 + Level 4.4 Armour
 + Level 0.9 Dodging
 + Level 4.6 Shields


You had 5 spell levels left.
You didn't know any spells.
Your spell library was empty.

Dungeon Overview and Level Annotations

Branches:
Dungeon (3/15)

Altars:
Okawaru


Message History

You closely miss something. Something hits you but does no damage.
You closely miss something.
You hear some strange, mumbled words.
Something tries to affect you, but you resist.
You closely miss something.
Something hits you but does no damage. x2
You miss something. Something hits you but does no damage.
You hit something but do no damage. Something hits you.
* * * LOW HITPOINT WARNING * * *
You miss something. You block something's attack. Something hits you.
* * * LOW HITPOINT WARNING * * *
You miss something.
You hear some strange, mumbled words.
Something tries to affect you, but you resist.
You hit something. Something hits you.
* * * LOW HITPOINT WARNING * * *
You closely miss something.
You hear some strange, mumbled words.
A magic dart appears from out of thin air!
The magic dart hits you.
You die...

#.# ##.#####
#......#
##...##..... #.###.#
##. #. #.# #.###.# #
##.#
######...##.........
#..@{o.(.....# ..###
#<#####..###.... ..
#.?... .. #.
..###..# .. .!.# ...
## .... ..
#.......## ...###
#........# #......
....#.#.# #...###


You could see an orc.

Vanquished Creatures
  An orc wizard (D:3)
  An orc priest (D:3)
  Terence (D:2)
  Robin (D:2)
  8 gnolls
  8 adders
  2 dart slugs (D:1)
  3 leopard geckos
  11 orcs
  A giant cockroach (D:3)
  13 goblins
  9 hobgoblins
  A quokka (D:2)
  A ball python (D:1)
  4 bats
  13 kobolds
  6 rats
84 creatures vanquished.

Vanquished Creatures (others)
  An orc wizard (D:3)
1 creature vanquished.

Grand Total: 85 creatures vanquished

Notes
Turn   | Place    | Note
-------+----------+-------------------------------------------
     0 | D:1      | Lynxxx the Hill Orc Fighter began the quest for the Orb.
     0 | D:1      | Reached XP level 1. HP: 19/19 MP: 1/1
    84 | D:1      | Reached XP level 2. HP: 27/27 MP: 2/2
   242 | D:1      | You fall into a shaft and drop 1 floor!
   257 | D:2      | Reached skill level 3 in Axes
   319 | D:2      | Reached XP level 3. HP: 33/33 MP: 3/3
   518 | D:2      | Reached XP level 4. HP: 33/40 MP: 4/4
  1525 | D:2      | Noticed Terence
  1534 | D:2      | Killed Terence
  1534 | D:2      | Reached skill level 4 in Axes
  1534 | D:2      | Reached XP level 5. HP: 47/47 MP: 5/5
  1551 | D:2      | Noticed Robin
  1579 | D:2      | Killed Robin
  1690 | D:2      | Found an iron altar of Okawaru.
  1994 | D:3      | Reached skill level 5 in Axes
  2377 | D:3      | Reached XP level 6. HP: 53/53 MP: 6/6
  2749 | D:3      | Killed from afar by an orc wizard

Illustrated notes

Levels and vault maps discovered:
D:1:      minmay_arrival_cross, layout_rooms
D:2:      layout_loops_ring, okawaru_altar_gauntlet_db, uniq_terence, uniq_robin
D:3:      layout_loops_cross

Skill      XL: |  1  2  3  4  5 |
---------------+----------------+-----
Fighting       | 4 |  4.8
Axes           | 3 4 5 |  5.7
Shields        | 4 |  4.6
Armour         | 4 |  4.4
Throwing       | |  0.2
Dodging        | |  0.9

Action                   |  1- 3 |  4- 6 || total
-------------------------+-------+-------++-------
Melee: War axe           |    58 |   258 ||   316
Throw: Dart              |       |     3 ||     3
  Eat: Chunk             |       |     6 ||     6
Armor: Scale mail        |    27 |   112 ||   139
Dodge: Dodged            |    21 |    84 ||   105
Block: Kite shield       |    35 |   107 ||   142
